Map: King's Cove LE

Players

loveyourmom

  • Race: Zerg Zerg
  • League: Gold
  • Spawn Location: 11:00

WeAreLegion - Winner!

  • Race: Terran Terran
  • League: Silver
  • Spawn Location: 5:00

VOD

Have the link to the VOD?

Description

Time

  • Played on: Dec. 13, 2024, 12:08 a.m.
  • Length: 12:47
Show
View Real Time Build Order
Export as new Build Order

loveyourmom Zerg 

Build Orders: Hatch First 

Get SALT Encoding   

  12  0:01  Drone  
  13  0:16  Drone  
  14  0:21  Overlord  
  14  0:40  Drone x3  
  17  1:01  Hatchery  
  16  1:10  Spawning Pool  
  15  1:13  Drone  
  16  1:21  Extractor  
  15  1:29  Drone x3  
  19  1:49  Hatchery  
  19  1:50  Drone  
  19  1:56  Drone  
  20  2:30  Hatchery, Drone x3  
  22  2:48  Hatchery  
  21  2:56  Overlord x2  
  21  3:01  Queen, Extractor  
  22  3:11  Metabolic Boost  
  22  3:21  Zergling x4  
  24  3:32  Evolution Chamber  
  23  3:38  Zergling x4  
  25  3:54  Drone  
  27  4:02  Drone  
  27  4:09  Drone x2  
  29  4:13  Queen  
  29  4:16  Lair  
  31  4:20  Zerg Melee Weapons Level 1  
  31  4:23  Drone x3  
  34  4:35  Zergling x2  
  34  4:36  Zergling x8  
  39  4:41  Drone  
  40  5:02  Drone x3  
  43  5:11  Spore Crawler  
  39  5:34  Zergling x8  
  38  5:44  Spine Crawler  
  38  5:46  Spine Crawler  
  35  5:51  Spire  
  32  6:17  Drone x2  
  32  6:18  Drone x2  
  36  6:22  Queen  
  38  6:30  Nydus Network  
  37  6:41  Zerg Melee Weapons Level 2  
  37  6:47  Drone  
  38  6:57  Extractor  
  38  6:59  Extractor  
  36  7:08  Hatchery  
  33  7:11  Corruptor  
  35  7:18  Hatchery  
  34  7:32  Zergling x10  
  39  7:40  Overseer  
  39  7:41  Drone x2  
  41  7:57  Extractor  
  40  7:59  Drone x2  
  40  8:00  Drone x5, Extractor  
  46  8:08  Spore Crawler  
  45  8:17  Nydus Canal  
  45  8:30  Zergling x4  
  45  8:31  Zergling x6  
  42  9:07  Nydus Canal  
  42  9:13  Drone x2  
  44  9:19  Zergling x8  
  41  9:49  Zergling x2  
  41  9:50  Zergling x6  
  39  9:59  Spine Crawler  
  38  10:01  Spine Crawler  
  38  10:02  Mutalisk x4  
  38  10:03  Mutalisk  
  47  10:25  Zergling x6  
  45  10:38  Queen  
  45  10:39  Drone x3  
  50  10:57  Drone  
  50  10:58  Drone x3  
  54  11:17  Zergling x8  
  57  11:56  Baneling Nest  
  56  12:03  Overlord x4  
Show
View Real Time Build Order
Export as new Build Order

WeAreLegion Terran - Winner!

Build Orders: Liberator Opening 

Get SALT Encoding   

  12  0:00  SCV  
  13  0:13  SCV  
  14  0:19  Supply Depot  
  14  0:26  SCV  
  15  0:40  SCV  
  15  0:42  Barracks  
  16  0:46  Refinery  
  16  0:52  SCV  
  17  1:04  SCV  
  18  1:17  SCV  
  20  1:35  Orbital Command  
  20  1:36  Reaper  
  20  2:06  SCV  
  21  2:12  Supply Depot  
  21  2:14  Factory  
  21  2:23  Marine  
  21  2:24  SCV  
  23  2:40  SCV  
  24  2:47  Command Center  
  24  2:52  SCV  
  25  3:01  Barracks Reactor  
  25  3:03  Hellion  
  25  3:04  SCV  
  28  3:08  Starport  
  28  3:16  SCV  
  29  3:28  Hellion  
  29  3:34  Refinery  
  31  3:37  Supply Depot  
  31  3:49  SCV  
  31  3:59  Liberator  
  31  4:01  SCV  
  35  4:03  Orbital Command  
  35  4:13  SCV  
  36  4:20  Supply Depot  
  36  4:24  Barracks  
  36  4:25  SCV  
  39  4:31  Hellion x2  
  39  4:37  SCV x2  
  43  4:47  Marine  
  43  4:49  SCV x2  
  48  4:53  Hellion x2  
  50  5:01  SCV  
  50  5:02  SCV  
  50  5:04  Engineering Bay  
  53  5:07  Engineering Bay  
  53  5:12  Starport Reactor  
  53  5:13  Barracks Tech Lab, SCV  
  53  5:14  SCV, Hellion x2  
  57  5:15  Barracks Reactor  
  50  5:53  SCV x2, Marine x2  
  50  5:55  Medivac x2  
  58  6:05  SCV x2  
  60  6:11  Marine x2  
  60  6:12  Barracks, Stimpack  
  60  6:14  Barracks  
  56  6:25  Medivac x2  
  58  6:26  Marine  
  58  6:29  Marine  
  62  6:52  Marine x3  
  65  6:56  Supply Depot  
  65  6:58  Supply Depot, SCV x2  
  67  7:02  Barracks Tech Lab, Barracks Reactor  
  67  7:10  SCV, Marauder  
  70  7:18  Marine  
  70  7:21  Supply Depot  
  70  7:22  Supply Depot  
  68  7:33  Widow Mine x2  
  72  7:42  Marine x4  
  72  7:43  Marauder x2  
  80  7:52  SCV  
  80  7:53  SCV  
  80  7:54  Hellion, Widow Mine, Factory  
  86  8:01  Supply Depot x2, Marine  
  86  8:05  Marauder x2  
  91  8:06  Armory  
  91  8:08  SCV  
  91  8:09  SCV  
  93  8:15  Hellion x2  
  97  8:40  Hellion  
  96  9:07  SCV x2  
  98  9:15  Factory Tech Lab  
  98  9:19  SCV x2  
  100  9:31  SCV  
  101  9:33  Marine x5  
  101  9:34  Siege Tank, Marauder  
  105  9:52  Marauder  
  107  9:55  Marauder  
  109  10:07  Siege Tank  
  112  10:11  Command Center  
  112  10:13  Marauder  
  101  10:29  Marine x5  
  101  10:31  Liberator x2  
  101  10:34  Marine  
  111  10:39  Siege Tank  
  114  10:47  SCV x2  
  114  10:48  Marauder  
  114  10:49  Marine x4  
  120  10:51  Command Center  
  120  10:52  Marauder  
  120  10:53  Refinery  
  120  10:54  Command Center  
  120  10:55  Refinery  
  122  10:59  SCV  
  123  11:07  Marine x3  
  126  11:18  Combat Shield, Siege Tank, Marauder x2  
  131  11:39  Marauder x2  
  133  11:54  Viking x2  
  133  12:01  Marauder  
  139  12:05  Orbital Command  
  139  12:06  Command Center  
  139  12:07  SCV x2  
  141  12:12  Marine, Refinery  
  141  12:13  Marine x2, Refinery, Marauder  
  141  12:14  Starport  
  145  12:16  Starport  
  145  12:19  SCV x2  
  145  12:22  Marauder  
  141  12:31  SCV x2  
Tags
 
Add a new tag
Caveats
  • Supply blocks, unpowered buildings, or Contaminate may cause inaccurate times.
  • Supply counts are checked every 10 seconds.